AoeStats
← 白鸟ii

Baltic

510520915Analyzed
4v4 RM · 2d ago on Oct 1, 2026· 10m 5s· 8 players
Game mode
Random Map
Map size
Large (8 player)
Population
200
Speed
Normal
Resources
Standard
Victory
Conquest
Starting age
Dark Age
Ending age
Imperial Age
RankedLock teamsTeams togetherTeam positionsShared explorationLock speedFull tech treeHidden civsTurbo modeCheats
Victory
Defeat
🇨🇳 Italians · China
1201
+18
🇨🇳 Persians · China
1201
+18
🇨🇳 Persians · China
1181
+19
🇨🇳 Bengalis · China
1178
+19
🇨🇿 Armenians · Czechia
1300
-20
🇩🇪 Persians · Germany
1249
-19
🇧🇷 Berbers · Brazil
1227
-18
🇦🇺 Varangians · Australia
1200
-17
Ethan
3:48 Loom
11:26 Feudal Age
daitoudaguo
6:10 Loom
9:01 Feudal Age
9:28 Double-Bit Axe
9:26 Horse Collar
白鸟ii
11:23 Feudal Age
The Knight
10:04 Feudal Age
8:32 Loom
Demshredz
0:51 Loom
10:54 Feudal Age
Diablo
9:25 Feudal Age
ufokinw0tm8
4:13 Loom
Komo Kazada
Connection lost

Rejoining the realm…

Still unreachable

The connection could not be restored.

Session expired

The server has moved on; the page needs a fresh start.